 Dungeon Crawl Stone Soup version 0.22-a0-614-g34fbaa0 (webtiles) character file.

231 EloyTheNewbi the Poker (level 5, -3/47 HPs)
             Began as a Draconian Chaos Knight on July 12, 2018.
             Slain by a tentacled starspawn (13 damage)
             ... on level 1 of the Abyss.
             The game lasted 00:14:02 (2642 turns).

EloyTheNewbi the Poker (Draconian Chaos Knight)     Turns: 2642, Time: 00:14:02

Health: -3/47      AC:  5    Str: 15    XL:     5   Next: 72%
Magic:  5/5        EV: 13    Int: 12    God:    Xom [...*..]
Gold:   104        SH:  0    Dex: 11    Spells: 3/4 levels left

rFire    . . .     SeeInvis .   a - +0 spear (venom)
rCold    . . .     Gourm    .   (no shield)
rNeg     . . .     Faith    .   (armour unavailable)
rPois    .         Spirit   .   (helmet restricted)
rElec    .         Reflect  .   (no cloak)
rCorr    .         Harm     .   (no gloves)
MR       .....     Clarity  +   (no boots)
Stlth    +.........             (no amulet)
HPRegen  0.00/turn              (no ring)
MPRegen  0.09/turn              (no ring)

@: non-regenerating, mildly diseased
A: unfitting armour, horns 1, clarity, cold-blooded, AC +5
a: Renounce Religion


You were on level 1 of the Abyss.
You worshipped Xom.
You were a favourite toy of Xom.
You were not hungry.

You visited 1 branch of the dungeon, and saw 4 of its levels.
You visited the Abyss 1 time.

You collected 104 gold pieces.

Inventory:

Hand Weapons
 a - a +0 spear of venom (weapon)
Missiles
 f - 75 stones (quivered)
Wands
 s - a wand of random effects (22)
 v - a wand of flame (27)
Scrolls
 h - a scroll of fear {unknown}
 i - a scroll of enchant weapon {unknown}
 k - a scroll of identify {unknown}
 l - 3 scrolls of remove curse
 n - a scroll of noise {unknown}
 p - a scroll of amnesia {unknown}
Potions
 c - a potion of ambrosia {unknown}
 d - a potion of mutation {unknown}
 e - 2 potions of haste {unknown}
 g - 2 potions of curing {unknown}
 j - 3 potions of might {unknown}
 m - a potion of agility
 q - a potion of brilliance {unknown}
 r - 2 potions of resistance {unknown}
 u - 2 potions of cancellation {unknown}
Comestibles
 b - 7 rations


   Skills:
 * Level 4.5 Fighting
 * Level 5.3 Polearms
 + Level 2.9 Dodging
 + Level 0.3 Stealth


You had 3 spell levels left.
You knew the following spells:

 Your Spells              Type           Power        Failure   Level  Hunger
a - Flame Tongue          Conj/Fire      #....        32%         1    ##.....

Your spell library contained the following spells:

 Spells                   Type           Power        Failure   Level  Hunger
 Fireball                 Conj/Fire      #.........   100%        5    ######.
 Conjure Flame            Conj/Fire      #.......     69%         3    ####...
 Throw Flame              Conj/Fire      #.....       45%         2    ###....
 Sticky Flame             Conj/Fire      #.......     97%         4    #####..
 Inner Flame              Hex/Fire       #.......     69%         3    ####...


Dungeon Overview and Level Annotations

Branches:
Dungeon (4/15)
 Temple: D:4-7

Altars:
The Shining One


Innate Abilities, Weirdness & Mutations

Your plain brown scales are hard. (AC +5)
You cannot fit into any form of body armour.
You are cold-blooded and may be slowed by cold attacks.
You have a pair of small horns on your head.
You possess an exceptional clarity of mind.


Message History

Tentacles burst from the starspawn's body! 2 starspawn tentacles come into view.
A ynoxinul comes into view.
Xom smirks.
You detect creatures!
You are now a favourite toy of Xom.
Tentacles burst from the starspawn's body! 2 starspawn tentacles come into view.
You start resting.
The tentacled starspawn is too close now for your liking.
A tentacled starspawn is nearby!
A tentacled starspawn is nearby!
A tentacled starspawn is nearby!
A tentacled starspawn is nearby!
A tentacled starspawn is nearby!
A tentacled starspawn is nearby!
A tentacled starspawn is nearby!
The tentacled starspawn bites you!
You die...
Xom cackles wildly!

..#......####..
.# h ##.....##
##.#..#. ## ##.
#........ ###.
#..#..
#...#.#.# # #.#
.###w .#..## #.
# ##.##..─.
###### h
#.......##..#
#...##X#..##.#
. #@#### ##
##.# 4 ###


2 4x X You could see a tentacled starspawn.

Vanquished Creatures
  An orc wizard (D:4)
  An orc priest (D:4)
  Jessica (D:3)
  5 adders
  An ooze (D:3)
  2 worms (D:2)
  5 dart slugs
  2 leopard geckos (D:1)
  2 orcs (D:4)
  8 bats
  2 giant cockroaches
  10 goblins
  9 hobgoblins
  7 jackals
  12 kobolds
  A quokka (D:3)
  A frilled lizard (D:3)
  10 rats
80 creatures vanquished.

Vanquished Creatures (others)
  6 starspawn tentacles (Abyss:1)
6 creatures vanquished.

Grand Total: 86 creatures vanquished

Notes
Turn   | Place    | Note
-------+----------+-------------------------------------------
     0 | D:1      | EloyTheNewbi the Draconian Chaos Knight began the quest for the Orb.
     0 | D:1      | Reached XP level 1. HP: 19/19 MP: 1/1
    22 | D:1      | XOM: harmless Tmut miscast
    35 | D:1      | XOM: harmless Chrm miscast
    78 | D:1      | Reached XP level 2. HP: 26/26 MP: 2/2
   483 | D:1      | XOM: 3-stop teleportation journey
   525 | D:1      | XOM: give mutations
   525 | D:1      | Gained mutation: You have a pair of small horns on your head. [Xom's mischief]
   525 | D:1      | Gained mutation: Your body sometimes deteriorates upon taking damage. [Xom's mischief]
   541 | D:1      | XOM: god gift: scroll labeled XITWAIMAHO {god gift}
   547 | D:1      | Reached XP level 3. HP: 33/33 MP: 3/3
   664 | D:1      | XOM: mild Hex miscast
   918 | D:2      | Reached skill level 4 in Polearms
  1119 | D:2      | Found a faded altar of an unknown god.
  1126 | D:2      | Reached XP level 4. HP: 40/40 MP: 4/4
  1282 | D:2      | XOM: stat loss: -1 Str (14/15)
  1304 | D:2      | XOM: summons 2 hostile shadow creatures
  1318 | D:2      | XOM: mild Necr miscast
  1562 | D:2      | XOM: mild Tloc miscast
  1691 | D:3      | Found a glowing golden altar of the Shining One.
  1809 | D:3      | Noticed Jessica
  1818 | D:3      | Killed Jessica
  1818 | D:3      | Reached XP level 5. HP: 46/47 MP: 5/5
  2263 | D:3      | XOM is BORED!
  2263 | D:3      | XOM: give mutations
  2263 | D:3      | Gained mutation: You possess an exceptional clarity of mind. [Xom's mischief]
  2263 | D:3      | Lost mutation: Your body sometimes deteriorates upon taking damage. [Xom's mischief]
  2289 | D:3      | XOM: torment (25/47 hp)
  2364 | D:4      | Reached skill level 5 in Polearms
  2365 | D:4      | XOM: medium Erth miscast
  2375 | D:4      | Learned a level 1 spell: Flame Tongue
  2435 | D:4      | Noticed a centaur
  2469 | D:4      | XOM: severe Summ miscast
  2469 | D:4      | Cast into level 1 of the Abyss (the severe capriciousness of Xom)
  2469 | Abyss:1  | XOM: stealth player
  2524 | Abyss:1  | Noticed an ancient zyme
  2615 | Abyss:1  | Noticed a wraith
  2620 | Abyss:1  | Noticed a tentacled starspawn
  2622 | Abyss:1  | XOM: divination: detect creatures
  2628 | Abyss:1  | Noticed a ynoxinul
  2633 | Abyss:1  | XOM: divination: detect creatures
  2642 | Abyss:1  | Slain by a tentacled starspawn

Vault maps used:
D:1:      scummos_arrival_gate, hex_large
D:2:      chequers_ecumenical_altar_twisty, serial_glass, glass_columns_b,
          glass_columns_a, feat_on_display
D:3:      old_standard_altar, first_ration, wad_floor_pattern_1, uniq_jessica
D:4:      kennysheep_little_box, lemuel_round_altar, minmay_misc_feat_tiny,
          fedhas_bush_and_centaur_altar

Skill      XL: |  1  2  3  4  5 |
---------------+----------------+-----
Polearms       | 4 5 |  5.3
Fighting       | 4 |  4.5
Dodging        | |  2.9
Stealth        | |  0.3

Action                   |  1- 3 |  4- 6 || total
-------------------------+-------+-------++-------
Melee: Spear             |   112 |    90 ||   202
       Tailslap          |    18 |     4 ||    22
       Headbutt          |     4 |    14 ||    18
Throw: Stone             |     2 |       ||     2
  Use: Scroll            |     1 |     3 ||     4
  Eat: Chunk             |     1 |     3 ||     4
       Ration            |       |     1 ||     1
Armor: Skin              |    43 |    27 ||    70
Dodge: Dodged            |    73 |    33 ||   106

Table legend:
 A = Spawn XP
 B = Non-spawn XP
 C = Spawn XP percentage of total XP
 D = Spawn monster count
 E = Non-spawn monster count
 F = Spawn count percentage of total count
 G = Total turns spent on level
                    A         B        C        D         E        F      G
               +---------+---------+-------+---------+---------+-------+---------
         Total |       0 |     330 |   0.0 |       0 |      80 |   0.0 |  2642
               +---------+---------+-------+---------+---------+-------+---------
           D:1 |       0 |      53 |   0.0 |       0 |      30 |   0.0 |   819
           D:2 |       0 |     101 |   0.0 |       0 |      31 |   0.0 |   844
           D:3 |       0 |      87 |   0.0 |       0 |      15 |   0.0 |   674
           D:4 |       0 |      89 |   0.0 |       0 |       4 |   0.0 |   132
               +---------+---------+-------+---------+---------+-------+---------
